 Dungeon Crawl Stone Soup version 0.29.1-2-gbd0b4ee654 (webtiles) character file.

Game seed: 5106493737812859040

72 funnyparkerb the Cudgeller (level 4, -13/39 HPs)
             Began as a Minotaur Berserker on Nov 8, 2022.
             Was a Believer of Trog.
             Killed by divine providence
             ... invoked by an orc priest
              (15 damage)
             ... on level 3 of the Dungeon.
             The game lasted 00:01:48 (2576 turns).

funnyparkerb the Cudgeller (Minotaur Berserker)     Turns: 2576, Time: 00:01:48

Health: -13/39     AC:  8    Str: 24    XL:     4   Next: 7%
Magic:  3/3        EV:  8    Int:  4    God:    Trog [**....]
Gold:   132        SH:  0    Dex:  9    Spells: 3/3 levels left

rFire   . . .      SeeInvis .   a - +0 mace
rCold   + . .      Faith    .   (no shield)
rNeg    . . .      Spirit   .   l - +0 chain mail
rPois   .          Reflect  .   (helmet restricted)
rElec   .          Harm     .   (no cloak)
rCorr   .          Rampage  .   (no gloves)
Will    .....                   (no boots)
Stlth   ..........              (no amulet)
HPRegen 0.13/turn               i - ring of protection from cold
MPRegen 0.08/turn               (no ring)

@: no status effects
A: horns 2, retaliatory headbutt
a: Renounce Religion, Berserk, Trog's Hand


You were on level 3 of the Dungeon.
You worshipped Trog.
Trog was pleased with you.
You visited 1 branch of the dungeon, and saw 3 of its levels.

You collected 132 gold pieces.

Inventory:

Hand Weapons
 a - a +0 mace (weapon)
Missiles
 b - 3 javelins (quivered)
Armour
 l - a +0 chain mail (worn)
Jewellery
 i - a ring of protection from cold (left hand)
Scrolls
 c - a scroll of enchant weapon {unknown}
 d - 3 scrolls of identify {unknown}
 e - a scroll of poison {unknown}
 j - a scroll of butterflies {unknown}
 k - a scroll of enchant armour {unknown}
 n - a scroll of immolation {unknown}
 o - a scroll of blinking {unknown}
 s - a scroll of fear {unknown}
Potions
 f - a potion of berserk rage {unknown}
 g - a potion of magic {unknown}
 h - 2 potions of brilliance {unknown}
 m - a potion of mutation {unknown}
 p - a potion of might {unknown}
 q - a potion of haste {unknown}
 r - a potion of lignification {unknown}


   Skills:
 - Level 3.6 Fighting
 + Level 6.0 Maces & Flails
 - Level 2.4 Armour
 - Level 2.1 Dodging


You had 3 spell levels left.
You didn't know any spells.
Your spell library was empty.

Dungeon Overview and Level Annotations

Branches:
Dungeon (3/15)

Altars:


Innate Abilities, Weirdness & Mutations

You have a pair of horns on your head.
You reflexively headbutt those who attack you in melee.


Message History

Trog accepts your kill.
No target in view!
No target in view!
No target in view!
HP restored.
Found a stone staircase leading down.
You now have 132 gold pieces (gained 11).
r - a red potion
Found a ring mail and 2 stones.
s - a scroll labelled RAPREESH CARI You see here a +0 ring mail.
You see here 2 stones.
An orc wizard, an orc priest and an orc come into view.
The orc wizard shouts!
The orc priest shouts!
The orc shouts!
You hear a shout!
The orc priest miscasts a cantrip.
The orc wizard moves out of view.
The orc moves out of view.
You see here a scroll labelled IKIANW MUEXOK.
An orc and an orc priest come into view.
The orc shouts!
The orc priest shouts!
The orc priest miscasts a cantrip.
The orc wizard suddenly grunts.
The orc wizard casts a spell at you. You resist with some effort.
You fail to use your ability.
The orc priest hits you but does no damage.
The orc priest calls down the wrath of Beogh upon you.
Pain shoots through your body!
The orc wizard casts a spell.
The orc wizard flickers and vanishes!
Deactivating autopickup; reactivate with Ctrl-A.
You hit the orc priest but do no damage.
The orc priest mumbles some strange prayers to Beogh against you.
Beogh smites you!
The orc priest invokes the aid of Beogh against you.
Beogh smites you!
* * * LOW HITPOINT WARNING * * *
Something hits you but does no damage.
The orc priest calls down the wrath of Beogh upon you.
Beogh smites you!
You die...

#..# # ##...
#.##...##
#.#.....##
###........#
.......o...#
#..{o?..#
#oo@..# ##....#
##.#.# #.#?#
#.#.# ..#.#
##############.#
#.......[..(...#
#....###########


You could see 2 orc priests and 2 orcs.

Vanquished Creatures
  3 adders (D:2)
  3 dart slugs
  An orc (D:3)
  5 ball pythons
  5 bats
  6 endoplasms
  4 goblins
  2 hobgoblins
  3 kobolds
  A quokka (D:2)
  3 frilled lizards
  4 rats
40 creatures vanquished.

Notes
Turn   | Place    | Note
-------+----------+-------------------------------------------
     0 | D:1      | funnyparkerb the Minotaur Berserker began the quest for the
                  | Orb.
     0 | D:1      | Reached XP level 1. HP: 19/19 MP: 0/0
   138 | D:1      | Reached skill level 4 in Maces & Flails
   258 | D:1      | Reached XP level 2. HP: 21/26 MP: 1/1
  1288 | D:2      | Reached skill level 5 in Maces & Flails
  1521 | D:2      | Reached XP level 3. HP: 24/31 MP: 2/2
  1662 | D:2      | Reached ** piety under Trog
  2462 | D:3      | Reached XP level 4. HP: 39/39 MP: 3/3
  2482 | D:3      | Found a faded altar of an unknown god.
  2490 | D:3      | Reached skill level 6 in Maces & Flails
  2576 | D:3      | Killed from afar by an orc priest

Illustrated notes

Levels and vault maps discovered:
D:1:      lemuel_arrival_behind_the_door_large, layout_loops_ring,
          minmay_misc_feat_tiny
D:2:      layout_loops_corners, minmay_misc_feat_diagonals,
          minmay_pentomino_pile
D:3:      layout_loops_ring, chequers_ecumenical_altar_simple, serial_aquarium,
          aquarium_bridge_square [aquarium_subvault_wall,
          aquarium_subvault_wall, aquarium_subvault_window,
          aquarium_subvault_bridge], aquarium_bridge_square
          [aquarium_subvault_wall, aquarium_subvault_bridge,
          aquarium_subvault_wall, aquarium_subvault_bridge], aquarium_window_1,
          aquarium_window_corridor_1, aquarium_window_1, aquarium_window_2,
          aquarium_view_2e, aquarium_view_2d, aquarium_balcony_double_4,
          minivault_4, uniq_crazy_yiuf_cottage

Skill      XL: |  1  2  3  4 |
---------------+-------------+-----
Maces & Flails | 4 5 6 |  6.0
Fighting       | |  3.6
Armour         | |  2.4
Dodging        | |  2.1

Action                   |  1- 3 |  4- 6 || total
-------------------------+-------+-------++-------
Melee: Mace              |    75 |     9 ||    84
       Headbutt          |     9 |     2 ||    11
Invok: Berserk           |     1 |       ||     1
Armor: Animal skin       |     3 |       ||     3
       Chain mail        |    28 |     7 ||    35
       Scale mail        |     8 |       ||     8
Dodge: Dodged            |    38 |     3 ||    41
